 Dungeon Crawl Stone Soup version 0.29.1-2-gbd0b4ee654 (webtiles) character file.

Game seed: 8132978769994746302

7821 TheDoctor the Vexing (level 11, -6/84 HPs)
             Began as a Demonspawn Gladiator on Nov 5, 2022.
             Was an Elder of Cheibriados.
             Mangled by Sonja
             ... wielding a +0 short sword of distortion
              (14 damage)
             ... on level 10 of the Dungeon.
             The game lasted 00:35:48 (11870 turns).

TheDoctor the Vexing (Demonspawn Gladiator)        Turns: 11870, Time: 00:35:49

Health: -6/84      AC: 11    Str: 30    XL:     11   Next: 1%
Magic:  9/17       EV: 17    Int: 23    God:    Cheibriados [****..]
Gold:   773        SH:  0    Dex: 25    Spells: 10/18 levels left

rFire   . . .      SeeInvis .   y - +11 dagger "Musov" {freeze, Will++}
rCold   . . .      Faith    .   (no shield)
rNeg    . . .      Spirit   .   m - +1 robe "Urepsi" {Str+5}
rPois   .          Reflect  .   c - +0 helmet
rElec   .          Harm     .   K - +0 cloak
rCorr   .          Rampage  .   q - +1 pair of gloves
Will    ++...                   (no boots)
Stlth   +++.......              Q - amulet of the acrobat
HPRegen 0.24/turn               B - ring of wizardry
MPRegen 0.15/turn               M - +4 ring of evasion

@: lethally poisoned (-6 -> -16), very slightly contaminated, slowed, very slow
A: slimy green scales 2, foul stench 2, demonic magic 2
a: Renounce Religion, Bend Time, Temporal Distortion, Slouch


You were on level 10 of the Dungeon.
You worshipped Cheibriados.
Cheibriados was greatly pleased with you.
You visited 2 branches of the dungeon, and saw 11 of its levels.

You collected 773 gold pieces.

Inventory:

Hand Weapons
 y - the +11 dagger "Musov" (weapon) {freeze, Will++}
   (You found it on level 3 of the Dungeon)

   It freezes those it strikes, dealing additional cold damage.
   It can also slow down cold-blooded creatures.
   Will:      It greatly increases your willpower.
 D - a +2 dagger of venom
Missiles
 d - 2 throwing nets
 e - a javelin
 n - an atropa-tipped dart
 w - 6 boomerangs
 x - 34 poisoned darts (quivered)
Armour
 a - +0 acid dragon scales
 b - a +0 leather armour
 c - a +0 helmet (worn)
 l - a +0 ring mail
 m - the +1 robe "Urepsi" (worn) {Str+5}
   (You found it on level 2 of the Dungeon)

   Str:       It affects your strength (+5).
 q - a +1 pair of gloves (worn)
 u - the +2 robe of the Hidden Vale {Int+2 Stlth+}
   (You found it on level 8 of the Dungeon)

   Int:       It affects your intelligence (+2).
   Stlth:     It makes you more stealthy.
 K - a +0 cloak (worn)
 U - +0 steam dragon scales
 Z - a +0 kite shield
Magical Staves
 s - a staff of conjuration
Jewellery
 f - a ring of flight
 B - a ring of wizardry (left hand)
 M - a +4 ring of evasion (right hand)
 Q - an amulet of the acrobat (around neck)
 T - a ring of fire
 V - an amulet of magic regeneration
Wands
 r - a wand of flame (4)
 v - a wand of paralysis (22)
 E - a wand of mindburst (10)
 P - a wand of light (18)
 X - a wand of polymorph (8)
Scrolls
 h - 2 scrolls of immolation
 j - 3 scrolls of amnesia
 k - 3 scrolls of teleportation
 o - 4 scrolls of magic mapping
 t - 6 scrolls of vulnerability
 z - a scroll of noise {unknown}
 A - 4 scrolls of enchant weapon {unknown}
 C - 2 scrolls of enchant armour {unknown}
 I - 2 scrolls of fear {unknown}
 N - a scroll of butterflies {unknown}
 R - a scroll of brand weapon {unknown}
 W - a scroll of blinking {unknown}
Potions
 g - a potion of magic {unknown}
 i - 5 potions of brilliance
 p - a potion of resistance {unknown}
 F - a potion of heal wounds {unknown}
 G - 3 potions of curing
 H - 4 potions of flight
 J - a potion of mutation {unknown}
 L - 2 potions of might
 O - 5 potions of haste
 S - a potion of attraction {unknown}
 Y - a potion of ambrosia {unknown}


   Skills:
 - Level 7.0 Fighting
 - Level 4.0 Short Blades
 - Level 5.1 Maces & Flails
 - Level 1.7 Throwing
 - Level 6.1 Armour
 - Level 2.6 Dodging
 - Level 3.0 Stealth
 - Level 4.0 Spellcasting
 * Level 7.1 Conjurations
 - Level 7.5 Hexes
 + Level 4.1 Invocations


You had 10 spell levels left.
You knew the following spells:

 Your Spells              Type           Power      Damage    Failure   Level
a - Cause Fear            Hex            19%        N/A       1%          4
b - Sticky Flame          Conj/Fire      21%        2d4       10%         4

Your spell library contained the following spells:

 Spells                   Type           Power      Damage    Failure   Level
 Conjure Flame            Conj/Fire      21%        6-21      2%          3
 Inner Flame              Hex/Fire       22%        N/A       2%          3
 Summon Guardian Golem    Hex/Summ       22%        N/A       2%          3
 Ignite Poison            Fire/Tmut/Pois 4%         N/A       12%         3
 Orb of Destruction       Conj           18%        9d8       86%         7
 Spellforged Servitor     Conj/Summ      10%        N/A       100%        7
 Discord                  Hex            19%        N/A       100%        8


Dungeon Overview and Level Annotations

Branches:
Dungeon (10/15)            Temple (1/1) D:7            Lair (0/5) D:9
    Orc (0/2) D:9

Altars:
Ashenzari
Cheibriados
Dithmenos
Fedhas
Gozag
Hepliaklqana
Kikubaaqudgha
Makhleb
Nemelex Xobeh
Okawaru
Qazlal
Ru
Sif Muna
Trog
Uskayaw
Vehumet
Wu Jian
Xom
Yredelemnul

Shops:
D:5 *

Annotations:
D:7 2 transporters, firemarshallily's ghost, novice NaBr
D:10 Snorg; Sonja


Innate Abilities, Weirdness & Mutations

You are mostly covered in slimy green scales. (AC +3)
You sometimes emit foul miasma when damaged in melee.
Spells you cast may paralyse nearby enemies.


Message History

Throw: 35 darts (poison)
Press: ? - help, Q - select action, (/) - cycle Shift-Dir - straight line, f/p - Sonja
Aim: Sonja, wielding a +0 short sword of distortion and quivering curare-tipped darts (26% to hit)
You throw a poisoned dart. The poisoned dart hits Sonja.
You feel very sick.
Sonja casts a spell.
Sonja blinks!
Casting: Sticky Flame (dangerous; 10% risk of failure)
Confirm with . or Enter, or press ? or * to list all spells.
Aiming: Sticky Flame (dangerous; 10% risk of failure)
Press: ? - help, Shift-Dir - straight line, f/p - Sonja
Aim: Sonja, wielding a +0 short sword of distortion and quivering curare-tipped darts (100% to hit)
You miscast Sticky Flame.
You are very lightly contaminated with residual magic.
Nothing appears to happen.
You feel very sick. Sonja hits you but does no damage. Space warps around you.
Sonja closely misses you. Sonja hits you but does no damage.
Space warps around you. Sonja hits you but does no damage.
Space warps horribly around you! Sonja misses you. x2
Sonja barely misses you. Sonja closely misses you. x2
Unknown command.
Unknown command.
Unknown command.
Casting: Sticky Flame (dangerous; 10% risk of failure)
Confirm with . or Enter, or press ? or * to list all spells.
Aiming: Sticky Flame (dangerous; 10% risk of failure)
Press: ? - help, Shift-Dir - straight line, f/p - Sonja
Aim: Sonja, wielding a +0 short sword of distortion and quivering curare-tipped darts (100% to hit)
The sticky flame hits Sonja.
Sonja is lightly wounded.
Sonja is covered in liquid flames!
Malevolent energies surge around you.
You feel very sick.
Sonja burns!
Sonja hits you with a +0 short sword of distortion.
Space warps horribly around you!!
* * * LOW HITPOINT WARNING * * *
Sonja barely misses you. Sonja hits you but does no damage.
Space warps horribly around you!
You die...

.##.####.......<.......
#
..........##.#######.##
# .##.###...##.# # ###.#
#...##.# ###.# #...##.#
....###...##.####
.#..............#
.............##.####.###
...####.###..##K@...(..(
.........##..#######.###
#.######.##..# #.#
####.##..#
#.###....##..#
....#.#####..# ## ####
#.#.#.# #..# .. .>#
#.#.#.#####..# . #.#
#.#..........# #.##.##


You could see Sonja (burning).

Vanquished Creatures
  2 two-headed ogres
  A gargoyle (D:10)
  4 yaks (D:10)
  A shadow (D:10)
  3 wyverns
  4 steam dragons
  Duvessa (D:6)
  An acid dragon (D:9)
  A water moccasin (D:7)
  A swamp drake (D:9)
  4 orc warriors
  2 sky beasts
  3 ice beasts
  2 ogres (D:6)
  4 black bears
  5 centaurs
  4 kobold brigands
  2 bullfrogs
  2 necrophages
  A gnoll sergeant (D:8)
  2 scorpions
  Dowan (D:6)
  15 killer bees
  3 howler monkeys
  7 orc priests
  2 jellies
  Crazy Yiuf (D:4)
  6 hounds
  2 gnoll boudas
  2 iguanas
  5 orc wizards
  14 gnolls
  3 adders
  A shadow imp (D:6)
  A white imp (D:7)
  An ufetubus (D:4)
  A worm (D:2)
  5 dart slugs
  24 orcs
  5 endoplasms
  5 giant cockroaches
  6 hobgoblins
  6 jackals (D:1)
  7 quokkas
  5 ball pythons
  A bat (D:1)
  7 frilled lizards
  7 goblins
  26 kobolds
  6 rats
225 creatures vanquished.

Vanquished Creatures (others)
  A bullfrog (D:9)
  A fungus (D:4)
  8 plants (D:9)
  3 withered plants (D:9)
13 creatures vanquished.

Grand Total: 238 creatures vanquished

Notes
Turn   | Place    | Note
-------+----------+-------------------------------------------
     0 | D:1      | TheDoctor the Demonspawn Gladiator began the quest for the
                  | Orb.
     0 | D:1      | Reached XP level 1. HP: 16/16 MP: 1/1
   187 | D:1      | Found a faded altar of an unknown god.
   373 | D:1      | Gained mutation: Spells you cast may paralyse adjacent
                  | enemies. [demonic ancestry]
   373 | D:1      | Reached XP level 2. HP: 23/23 MP: 2/2
   961 | D:1      | Gained mutation: You are partially covered in slimy green
                  | scales. (AC +2) [demonic ancestry]
   961 | D:1      | Reached XP level 3. HP: 25/28 MP: 3/3
  1721 | D:2      | Identified the +1 robe "Urepsi" {Str+5}
  2019 | D:2      | Reached XP level 4. HP: 29/35 MP: 4/4
  3456 | D:3      | Identified the +11 dagger "Musov" {freeze, Will++}
  3972 | D:4      | Gained mutation: You may rarely emit foul miasma when
                  | damaged in melee. [demonic ancestry]
  3972 | D:4      | Reached XP level 5. HP: 42/42 MP: 5/5
  4140 | D:4      | Found a snail-covered altar of Cheibriados.
  4145 | D:4      | Found an opulent altar of Gozag.
  4148 | D:4      | Found a sparkling altar of Nemelex Xobeh.
  4179 | D:4      | Became a worshipper of Cheibriados the Contemplative
  4529 | D:4      | Gained mutation: Spells you cast may paralyse nearby
                  | enemies. [demonic ancestry]
  4529 | D:4      | Reached XP level 6. HP: 45/49 MP: 6/6
  4680 | D:4      | Reached skill level 5 in Fighting
  4680 | D:4      | Reached skill level 5 in Maces & Flails
  4885 | D:4      | Found a runed translucent door.
  4886 | D:4      | Noticed Crazy Yiuf
  4892 | D:4      | Killed Crazy Yiuf
  4959 | D:5      | Entered Level 5 of the Dungeon
  5018 | D:5      | Reached skill level 1 in Short Blades
  5018 | D:5      | Reached skill level 1 in Armour
  5049 | D:5      | Noticed an ice beast
  5056 | D:5      | Killed an ice beast
  5057 | D:5      | Gained mutation: You sometimes emit foul miasma when
                  | damaged in melee. [demonic ancestry]
  5057 | D:5      | Reached XP level 7. HP: 56/56 MP: 7/7
  5692 | D:5      | Found Geiblix's Goods Gallery.
  5976 | D:5      | Learned a level 4 spell: Cause Fear
  6014 | D:6      | Identified the +4 robe "Nalaazon" {+Blink rF+ rC+ Int+2}
  6022 | D:6      | Reached skill level 1 in Hexes
  6022 | D:6      | Reached XP level 8. HP: 62/62 MP: 8/8
  6056 | D:6      | Reached * piety under Cheibriados
  6237 | D:6      | Noticed Dowan
  6924 | D:6      | Noticed Duvessa
  6936 | D:6      | Killed Duvessa
  6944 | D:6      | Killed Dowan
  6945 | D:6      | Reached skill level 5 in Armour
  6945 | D:6      | Reached skill level 5 in Hexes
  7479 | D:7      | Reached XP level 9. HP: 68/68 MP: 9/9
  7493 | D:7      | Found a transporter.
  7498 | D:7      | Reached ** piety under Cheibriados
  7499 | D:7      | Noticed firemarshallily's ghost (novice NaBr)
  7690 | D:7      | Noticed a moth of wrath
  8045 | D:7      | Found a staircase to the Ecumenical Temple.
  8062 | Temple   | Entered the Ecumenical Temple
  8108 | D:7      | Learned a level 4 spell: Sticky Flame
  8208 | D:7      | Reached skill level 1 in Spellcasting
  8285 | D:7      | Found a transporter.
  8761 | D:8      | Noticed a two-headed ogre
  8848 | D:8      | Identified the +2 robe of the Hidden Vale {Int+2 Stlth+}
  8935 | D:8      | Killed a two-headed ogre
  8936 | D:8      | Gained mutation: You are mostly covered in slimy green
                  | scales. (AC +3) [demonic ancestry]
  8936 | D:8      | Reached XP level 10. HP: 77/77 MP: 8/15
  9067 | D:8      | Reached *** piety under Cheibriados
  9515 | D:8      | Found a hazy altar of Hepliaklqana.
  9634 | D:9      | Reached skill level 1 in Conjurations
 10085 | D:9      | Reached skill level 1 in Stealth
 10197 | D:9      | Found a blossoming altar of Fedhas.
 10199 | D:9      | Found an ancient bone altar of Kikubaaqudgha.
 10253 | D:9      | Reached **** piety under Cheibriados
 10714 | D:9      | Found a staircase to the Lair.
 11061 | D:9      | Reached skill level 5 in Conjurations
 11086 | D:9      | Found a staircase to the Orcish Mines.
 11158 | D:10     | Entered Level 10 of the Dungeon
 11206 | D:10     | Noticed Snorg
 11291 | D:10     | Reached skill level 1 in Invocations
 11402 | D:10     | Noticed a two-headed ogre
 11406 | D:10     | Killed a two-headed ogre
 11596 | D:10     | Noticed a gargoyle
 11601 | D:10     | Killed a gargoyle
 11674 | D:10     | Reached XP level 11. HP: 77/84 MP: 17/17
 11865 | D:10     | Noticed Sonja
 11870 | D:10     | Mangled by Sonja

Illustrated notes

Levels and vault maps discovered:
D:1:      saegor_arrival_simple_c, layout_loops_ring,
          ebering_ecumenical_altar_sacrificial, minmay_hexomino_c4
D:2:      layout_basic, patterned_corridor
D:3:      layout_loops_cross, st_stairs_13
D:4:      layout_loops_cross, minitemple, uniq_crazy_yiuf_cottage
D:5:      layout_basic, hangedman_abyss_or_decor_lesser_grid,
          nicolae_alphabet_shops, minmay_crystal_water
D:6:      layout_loops_corners, serial_bayou_pond_e, kennysheep_generic_room_10,
          uniq_duvessa
D:7:      layout_loops_ring, minmay_temple_entry_offerings,
          gammafunk_ghost_berserking_beasts, grunt_decor_cap
D:8:      layout_basic, mainiacjoe_overflow_alcove_2
D:9:      layout_long_grid, grunt_temple_overflow_growth_and_decay,
          lair_entry_dummy, erik_orc_1
D:10:     layout_loops_ring, feat_on_display, uniq_sonja, uniq_snorg
Temple:   nicolae_temple_ecumenical_triangle

Skill      XL: |  1  2  3  4  5  6  7  8  9 10 |
---------------+-------------------------------+-----
Maces & Flails | 3 4 5 |  5.1
Fighting       | 3 4 5 6 7 |  7.0
Short Blades   | 1 3 4 |  4.0
Armour         | 1 3 5 6 |  6.1
Hexes          | 1 6 7 |  7.5
Spellcasting   | 3 4 |  4.0
Conjurations   | 7 |  7.1
Stealth        | 3 |  3.0
Invocations    | 4 |  4.1
Throwing       | |  1.7
Dodging        | |  2.6

Action                   |  1- 3 |  4- 6 |  7- 9 | 10-12 || total
-------------------------+-------+-------+-------+-------++-------
Melee: Flail             |   153 |    28 |       |       ||   181
       Punch             |     1 |     2 |     2 |     4 ||     9
       Great mace        |       |    18 |       |       ||    18
       Dagger            |       |    47 |   219 |   199 ||   465
Throw: Dart              |       |     4 |    11 |     3 ||    18
       Boomerang         |       |     3 |       |    10 ||    13
       Throwing net      |       |     1 |     2 |       ||     3
 Cast: Cause Fear        |       |       |     4 |     2 ||     6
       Sticky Flame      |       |       |       |     7 ||     7
Evoke: Wand              |       |     5 |     7 |       ||    12
  Use: Scroll            |       |       |     8 |     3 ||    11
       Potion            |       |       |       |     1 ||     1
 Stab: Invisible         |       |     1 |     2 |       ||     3
       Sleeping          |       |     1 |     3 |     1 ||     5
       Held in net/web   |       |       |     1 |       ||     1
       Paralysed         |       |       |     2 |     4 ||     6
Armor: Leather armour    |    47 |       |       |       ||    47
       Ring mail         |     8 |    13 |       |       ||    21
       Robe              |       |    23 |    44 |    47 ||   114
Dodge: Dodged            |   112 |    40 |   166 |   231 ||   549
